Match 41641291
Unlisted

Match 41641291
End
Scout Squad
Construct Barracks
Selects Heavy Weapons
Riflemen Squad
Riflemen Squad
Riflemen Squad
Infantry Support Center
Grenade Package
Construct Motor Pool
Selects Assault Carriers
Selects Exchangeable Parts
M1 Mortar Team
M8 Greyhound Armored Car
M1 Anti-tank Gun Team
Riflemen Squad
M1918 Browning Automatic Rifles
Engineer Squad
Sparkle
Wheeler
Skyline
KevinTDW
0
0

Comments sign in to comment!

No comments posted yet!